 Dungeon Crawl Stone Soup version 0.22-a0-422-g9628fc87f1 (webtiles) character file.

184 RedPan the Sneak (level 5, 0/31 HPs)
             Began as an Octopode Wizard on May 18, 2018.
             Killed from afar by tmwh's ghost (28 damage)
             ... with an orb of energy
             ... on level 3 of the Dungeon.
             The game lasted 00:10:16 (3028 turns).

RedPan the Sneak (Octopode Wizard)                  Turns: 3028, Time: 00:10:20

Health: 0/31       AC:  1    Str:  6    XL:     5   Next: 64%
Magic:  3/10       EV: 14    Int: 21    God:
Gold:   144        SH:  0    Dex: 11    Spells: 0/11 levels left

rFire    . . .     SeeInvis .   j - +0 dagger
rCold    . . .     Gourm    .   (no shield)
rNeg     . . .     Faith    .   a - +0 hat
rPois    .         Spirit   .   (no amulet)
rElec    .         Reflect  .   (no ring)
rCorr    .         Harm     .   (no ring)
MR       .....                  (no ring)
Stlth    +++.......             (no ring)
HPRegen  0.10/turn              (no ring)
MPRegen  0.12/turn              (no ring)
                                (no ring)
                                (no ring)

@: no status effects
A: almost no armour, stealthy swim, amphibious, 8 rings, constrict 8, camouflage
1, gelatinous body 1
a: no special abilities


You were on level 3 of the Dungeon.
You were hungry.

You visited 1 branch of the dungeon, and saw 3 of its levels.

You collected 144 gold pieces.

Inventory:

Hand Weapons
 j - a +0 dagger (weapon)
Armour
 a - a +0 hat (worn)
Scrolls
 b - a scroll of identify
 k - a scroll of magic mapping
Potions
 d - 2 potions of curing
 e - 2 potions of lignification
Comestibles
 c - 6 rations


   Skills:
 + Level 2.9 Dodging
 + Level 4.1 Stealth
 + Level 3.5 Spellcasting
 - Level 2.2 Conjurations
 - Level 2.0 Summonings
 - Level 2.0 Translocations
 + Level 0.1 Air Magic
 * Level 0.5 Poison Magic


You couldn't memorise any spells.
You knew the following spells:

 Your Spells              Type           Power        Failure   Level  Hunger
a - Magic Dart            Conj           ##..         4%          1    None
b - Call Imp              Summ           ##......     9%          2    ##.....
c - Blink                 Tloc           N/A          9%          2    ##.....
d - Mephitic Cloud        Conj/Pois/Air  #.......     26%         3    ###....
e - Conjure Flame         Conj/Fire      #.......     24%         3    ###....

Your spell library contained the following spells:

 Spells                   Type           Power        Failure   Level  Hunger
 Slow                     Hex            #.......     19%         2    ##.....


Dungeon Overview and Level Annotations

Branches:
Dungeon (3/15)

Altars:
Kikubaaqudgha
Uskayaw
Wu Jian

Annotations:
D:3 tmwh's ghost, amateur DrCj


Innate Abilities, Weirdness & Mutations

You cannot wear most types of armour.
You are very stealthy in the water. (Stealth+)
You are amphibious.
You can wear up to eight rings at the same time.
You can use your tentacles to constrict eight enemies at once.
Your skin changes colour to match your surroundings (Stealth+).
Your rubbery body absorbs attacks. (AC +1, EV +1)


Message History

Aim: tmwh's ghost Attack!
Your crimson imp hits tmwh's ghost but does no damage.
Tmwh's ghost hits your crimson imp but does no damage.
Your crimson imp hits tmwh's ghost.
Your crimson imp disappears in a puff of smoke!
Your crimson imp barely misses tmwh's ghost.
Your crimson imp hits tmwh's ghost but does no damage.
Your crimson imp barely misses tmwh's ghost.
Your crimson imp hits tmwh's ghost but does no damage.
Your crimson imp hits tmwh's ghost.
Tmwh's ghost hits you.
Your crimson imp hits tmwh's ghost but does no damage.
You hit tmwh's ghost but do no damage. Your squeeze misses tmwh's ghost.
Tmwh's ghost is lightly damaged.
Your crimson imp completely misses tmwh's ghost.
Your crimson imp barely misses tmwh's ghost.
Tmwh's ghost points at you and mumbles some strange words.
The orb of energy hits you!
Ouch! That really hurt!
You die...

# # #.#. #.#.###
. #.....#
.##.#5#5#######.
#)....W@........
.##..5..########
#.........#
#.....###.#
#.....# ###.###
#.# #.#####.#
#.......#


You could see tmwh's ghost and 3 friendly crimson imps.

Vanquished Creatures
  Jessica (D:2)
  3 adders
  2 dart slugs (D:1)
  3 leopard geckos
  A ball python (D:2)
  2 bats
  3 giant cockroaches
  3 goblins
  7 hobgoblins
  7 kobolds
  A quokka (D:2)
  4 frilled lizards
  4 rats
41 creatures vanquished.

Vanquished Creatures (collateral kills)
  Sigmund (D:2)
  4 worms (D:2)
5 creatures vanquished.

Grand Total: 46 creatures vanquished

Notes
Turn   | Place    | Note
-------+----------+-------------------------------------------
     0 | D:1      | RedPan the Octopode Wizard began the quest for the Orb.
     0 | D:1      | Reached XP level 1. HP: 11/11 MP: 4/4
   355 | D:1      | Reached XP level 2. HP: 14/17 MP: 1/6
   380 | D:1      | Reached skill level 3 in Stealth
  1016 | D:1      | Learned a level 2 spell: Call Imp
  1304 | D:1      | Learned a level 2 spell: Blink
  1385 | D:2      | Noticed Jessica
  1396 | D:2      | Killed Jessica
  1396 | D:2      | Reached XP level 3. HP: 12/21 MP: 0/7
  1662 | D:2      | Learned a level 3 spell: Mephitic Cloud
  1772 | D:2      | Reached XP level 4. HP: 27/27 MP: 6/9
  1863 | D:2      | Found a hide-covered altar of Uskayaw.
  1863 | D:2      | Found an ornate altar of the Wu Jian Council.
  1863 | D:2      | Found an ancient bone altar of Kikubaaqudgha.
  2542 | D:2      | Noticed Sigmund
  2561 | D:2      | Killed Sigmund
  2561 | D:2      | Reached skill level 4 in Stealth
  2561 | D:2      | Reached XP level 5. HP: 31/31 MP: 4/10
  2570 | D:2      | Learned a level 3 spell: Conjure Flame
  3019 | D:3      | Noticed tmwh's ghost (amateur DrCj)
  3028 | D:3      | Killed from afar by tmwh's ghost

Vault maps used:
D:1:      dpeg_arrival_solitude
D:2:      gammafunk_temple_overflow_forgotten, serial_forest,
          infiniplex_forest_clump_small, infiniplex_forest_end_1,
          infiniplex_forest_end_3, infiniplex_forest_lined_1,
          infiniplex_forest_lined_1, infiniplex_forest_side_room,
          infiniplex_forest_3_way, uniq_jessica, uniq_sigmund
D:3:      marbit_many_paths, gammafunk_temple_overflow_statue,
          serial_bayou_pond_e, minmay_misc_feat_room

Skill      XL: |  1  2  3  4 |
---------------+-------------+-----
Stealth        | 3 4 |  4.1
Conjurations   | 2 |  2.2
Summonings     | 2 |  2.0
Translocations | 2 |  2.0
Dodging        | |  2.9
Spellcasting   | |  3.5
Air Magic      | |  0.1
Poison Magic   | |  0.5

Action                   |  1- 3 |  4- 6 || total
-------------------------+-------+-------++-------
Melee: Unarmed           |    10 |       ||    10
       Constrict         |     6 |     3 ||     9
       Tentacles         |     3 |     2 ||     5
       Dagger            |     7 |     8 ||    15
 Cast: Magic Dart        |    56 |    48 ||   104
       Call Imp          |     5 |    11 ||    16
  Use: Scroll            |       |     7 ||     7
 Stab: Sleeping          |     1 |       ||     1
  Eat: Chunk             |     3 |     3 ||     6
Armor: Skin              |     1 |     2 ||     3
Dodge: Dodged            |    25 |     7 ||    32

Table legend:
 A = Spawn XP
 B = Non-spawn XP
 C = Spawn XP percentage of total XP
 D = Spawn monster count
 E = Non-spawn monster count
 F = Spawn count percentage of total count
 G = Total turns spent on level
                    A         B        C        D         E        F      G
               +---------+---------+-------+---------+---------+-------+---------
         Total |       0 |     264 |   0.0 |       0 |      46 |   0.0 |  3028
               +---------+---------+-------+---------+---------+-------+---------
           D:1 |       0 |      31 |   0.0 |       0 |      15 |   0.0 |  1327
           D:2 |       0 |     216 |   0.0 |       0 |      28 |   0.0 |  1591
           D:3 |       0 |      17 |   0.0 |       0 |       3 |   0.0 |   110
               +---------+---------+-------+---------+---------+-------+---------
